[Event "Titled Tuesday Blitz April 19 Early 2022"]
[White "Lewtak, Damian"]
[Black "Lashkin, Jegor"]
[WhiteFideId "1141724"]
[BlackFideId "13907808"]
[WhiteElo "2362"]
[BlackElo "2368"]
[Result "1/2-1/2"]
[Round "05"]
[TimeControl "180+1"]
[Date "2022.04.19"]
[WhiteClock "0:00:03"]
[BlackClock "0:00:04"]

1. d4 Nf6 2. c3 d5 3. Bf4 c5 4. e3 e6 5. Nd2 Nbd7 6. Ngf3 Be7 7. Bd3 O-O 8. Qe2 b6 9. e4 dxe4 10. Nxe4 Bb7 11. Nxf6+ Nxf6 12. dxc5 bxc5 13. Rd1 Qb6 14. O-O Rad8 15. Ne5 Bd5 16. c4 Bb7 17. b3 a5 18. Ng4 Nxg4 19. Qxg4 Bf6 20. Bg5 Bxg5 21. Qxg5 h6 22. Qg3 Rd4 23. Bc2 Rfd8 24. Rxd4 cxd4 25. Qd3 g6 26. a3 Qc5 27. Ra1 Kg7 28. h3 Bc6 29. Qd2 Rb8 30. Rb1 e5 31. Ra1 e4 32. Bd1 Qe5 33. Ra2 h5 34. b4 axb4 35. axb4 Bd7 36. Ra5 Qf6 37. Rd5 Bf5 38. b5 d3 39. Kh2 Ra8 40. c5 Be6 41. Rd6 Qe5+ 42. g3 Qxc5 43. Qb2+ Kh7 44. Rc6 Qf5 45. g4 Qf4+ 46. Kg1 hxg4 47. hxg4 Bxg4 48. Bb3 Qg5 49. Qf6 Qxf6 50. Rxf6 Bf3 51. Rxf7+ Kh6 52. Kh2 Kg5 53. b6 Ra1 54. b7 Rh1+ 55. Kg3 Rg1+ 56. Kh2 Rh1+ 57. Kg3 Rg1+ 58. Kh2 Rh1+ 1/2-1/2


[Site "https://www.chess.com"]

[Event "Titled Tuesday Blitz April 19 Early 2022"]
[White "Liyanage, Ranindu Dilshan"]
[Black "Melaugh, Shane"]
[WhiteFideId "9915834"]
[BlackFideId "2509580"]
[WhiteElo "1858"]
[BlackElo "1972"]
[Result "0-1"]
[Round "05"]
[TimeControl "180+1"]
[Date "2022.04.19"]
[WhiteClock "0:00:08"]
[BlackClock "0:00:05"]

1. d4 e6 2. Nc3 d5 3. e4 Nf6 4. exd5 exd5 5. Bd3 c6 6. Nge2 Bg4 7. f3 Bh5 8. g4 Bg6 9. h4 Bd6 10. h5 Bxd3 11. Qxd3 Qe7 12. h6 g6 13. Bg5 Nbd7 14. O-O-O O-O-O 15. Rhe1 Rde8 16. Kb1 Qd8 17. Nf4 Qc7 18. Qd2 Rxe1 19. Rxe1 Re8 20. Nd3 Rxe1+ 21. Qxe1 b6 22. a3 Kb7 23. Qe2 Qd8 24. Ne5 Qe7 25. f4 Qe6 26. f5 gxf5 27. Nxd7 Nxd7 28. gxf5 Qxf5 29. Bd2 Nf6 30. Qg2 Ne4 31. Nxe4 Qxe4 32. Qg7 Qg6 33. a4 a5 34. b3 Bb4 35. Bf4 Qf5 36. Bc1 Qf1 37. Qg3 Bd2 38. Qg7 Qxc1+ 39. Ka2 Qxc2+ 40. Ka1 Bc3# 0-1


[Site "https://www.chess.com"]

[Event "Titled Tuesday Blitz April 19 Early 2022"]
[White "Lopez, Henry"]
[Black "Skliarov, Viktor"]
[WhiteFideId "5203830"]
[BlackFideId "14106736"]
[WhiteElo "2177"]
[BlackElo "2229"]
[Result "1/2-1/2"]
[Round "05"]
[TimeControl "180+1"]
[Date "2022.04.19"]
[WhiteClock "0:01:00"]
[BlackClock "0:00:22"]

1. d4 Nf6 2. Nf3 g6 3. c4 Bg7 4. Nc3 O-O 5. e4 d6 6. Be2 Bg4 7. Be3 Nc6 8. O-O Nd7 9. d5 Nce5 10. Nxe5 Bxe2 11. Nxf7 Bxd1 12. Nxd8 Bxc3 13. Rfxd1 Bxb2 14. Rab1 Raxd8 15. Rxb2 b6 16. f3 Rde8 17. h4 e6 18. Rc2 h5 19. Kh2 Kf7 20. Kg3 Rb8 21. Rb1 Rfc8 22. Rd2 Ne5 23. Rc1 a6 24. Bf4 Nd7 25. Be3 Ke7 26. Bg5+ Kf7 27. Be3 e5 28. Rb1 c5 29. Rdb2 Rb7 30. a4 Rcb8 31. Bd2 Nf6 32. Ba5 Nd7 33. Bd2 Nf6 34. Ba5 Nd7 35. Bd2 1/2-1/2


[Site "https://www.chess.com"]

[Event "Titled Tuesday Blitz April 19 Early 2022"]
[White "Makarian, Rudik"]
[Black "Agasarov, Benik"]
[WhiteFideId "44105681"]
[BlackFideId "13314823"]
[WhiteElo "2388"]
[BlackElo "2510"]
[Result "1-0"]
[Round "05"]
[TimeControl "180+1"]
[Date "2022.04.19"]
[WhiteClock "0:01:21"]
[BlackClock "0:01:41"]

1. c4 e5 2. Nf3 Nc6 3. d3 Nf6 4. a3 d5 5. cxd5 Nxd5 6. h3 Be7 7. e3 O-O 8. Be2 f5 9. Nc3 Kh8 10. Bd2 f4 11. Nxd5 Qxd5 12. e4 Qd6 13. Bc3 Bf6 14. b4 Nd4 15. O-O Bd7 16. Rc1 Nxf3+ 17. Bxf3 Bb5 18. Be2 Rad8 19. Qb3 Qa6 20. Qb2 Rfe8 21. Rfd1 Bxd3 22. b5 Bxe2 23. bxa6 Bxd1 24. axb7 f3 25. Ba5 Bg5 26. Rb1 1-0


[Site "https://www.chess.com"]

[Event "Titled Tuesday Blitz April 19 Early 2022"]
[White "Maksimenko, Viktor"]
[Black "Toncheva, Nadya"]
[WhiteFideId "13710478"]
[BlackFideId "2924056"]
[WhiteElo "2269"]
[BlackElo "1884"]
[Result "1-0"]
[Round "05"]
[TimeControl "180+1"]
[Date "2022.04.19"]
[WhiteClock "0:00:49"]
[BlackClock "0:00:01"]

1. d4 Nf6 2. c4 e6 3. Nf3 c5 4. d5 exd5 5. cxd5 d6 6. Nc3 g6 7. Bf4 a6 8. a4 Qe7 9. h3 Bg7 10. Nd2 O-O 11. e3 Nfd7 12. Be2 Ne5 13. O-O Nbd7 14. Bh2 f5 15. Re1 b6 16. Bf1 Bb7 17. Qb3 Qh4 18. f4 Nf7 19. e4 fxe4 20. Ncxe4 Rae8 21. Nf3 Qd8 22. Neg5 Nxg5 23. Nxg5 Bd4+ 24. Kh1 Rf5 25. Ne6 Qf6 26. Bc4 Nf8 27. Qxb6 Bxd5 28. Bxd5 Rxd5 29. Qb3 Nxe6 30. Qxd5 Kg7 31. Qxd6 Bxb2 32. Rab1 Bd4 33. Rb7+ Kh6 34. Bg3 Qf5 35. Qd7 Qh5 36. Qxh7# 1-0


[Site "https://www.chess.com"]

[Event "Titled Tuesday Blitz April 19 Early 2022"]
[White "Maltsevskaya, Aleksandra"]
[Black "Devaev, Alexander"]
[WhiteFideId "24174041"]
[BlackFideId "4169395"]
[WhiteElo "2235"]
[BlackElo "2185"]
[Result "0-1"]
[Round "05"]
[TimeControl "180+1"]
[Date "2022.04.19"]
[WhiteClock "0:00:04"]
[BlackClock "0:00:06"]

1. e4 c6 2. Nc3 d5 3. Nf3 dxe4 4. Nxe4 Nf6 5. Qe2 Bg4 6. c3 e6 7. d4 Nbd7 8. g3 Be7 9. Bg2 O-O 10. O-O Nxe4 11. Qxe4 Bf5 12. Qe2 h6 13. Bf4 Rc8 14. Rfd1 Qb6 15. Ne5 Nxe5 16. Bxe5 Rfd8 17. h4 c5 18. d5 exd5 19. Bxg7 Kxg7 20. Qxe7 Be6 21. h5 Qxb2 22. Rac1 Rd7 23. Qh4 Qe2 24. Re1 Qg4 25. Qh2 b6 26. Re5 Rcd8 27. f3 Qc4 28. g4 d4 29. g5 dxc3 30. gxh6+ Kh8 31. Qg3 Rg8 32. Rg5 Qd4+ 33. Kh2 Rxg5 34. Qxg5 Rd5 35. Qe7 Qe5+ 36. Kh1 Rd7 37. Qf8+ Kh7 38. Rg1 Qh8 39. Qxh8+ Kxh8 40. f4 Bf5 41. Bf3 c2 42. Kh2 b5 43. Kg3 c4 44. Kh4 f6 45. h7 Kxh7 46. Re1 b4 47. h6 b3 48. Kg3 Kxh6 49. Re8 Kg7 50. Rh8 Kf7 51. Bh5+ Ke6 52. Re8+ Kd6 53. Bf3 Kc5 54. Rc8+ Kb4 55. axb3 c1=Q 56. Rxc4+ Qxc4 57. bxc4 Kxc4 58. Bc6 Rd3+ 0-1


[Site "https://www.chess.com"]

[Event "Titled Tuesday Blitz April 19 Early 2022"]
[White "Manukian, Artak"]
[Black "Winkels, Marcel"]
[WhiteFideId "13301373"]
[BlackFideId "1003887"]
[WhiteElo "2323"]
[BlackElo "1900"]
[Result "1/2-1/2"]
[Round "05"]
[TimeControl "180+1"]
[Date "2022.04.19"]
[WhiteClock "0:00:17"]
[BlackClock "0:00:01"]

1. e4 c5 2. Nf3 d6 3. Bb5+ Nd7 4. O-O a6 5. Bd3 Ngf6 6. a4 e6 7. Re1 Be7 8. c3 O-O 9. Bc2 b6 10. d4 Bb7 11. e5 dxe5 12. dxe5 Ne8 13. Qd3 g6 14. Bh6 Ng7 15. Nbd2 Qc7 16. Qe2 Rfd8 17. Bg5 Bxg5 18. Nxg5 Qc6 19. Ndf3 h6 20. Be4 Qc7 21. Bxb7 Qxb7 22. Ne4 Nf5 23. Rad1 Nf8 24. Nf6+ Kg7 25. Nd2 Qc7 26. Nf3 Rxd1 27. Rxd1 Rd8 28. h4 Rxd1+ 29. Qxd1 Qc6 30. h5 g5 31. b3 Nh7 32. Qd8 Nxf6 33. exf6+ Kh7 34. Qf8 Qd7 35. Ne5 Qd1+ 36. Kh2 Qxh5+ 37. Kg1 Qd1+ 38. Kh2 Qh5+ 39. Kg1 Qd1+ 40. Kh2 Qh5+ 1/2-1/2


[Site "https://www.chess.com"]

[Event "Titled Tuesday Blitz April 19 Early 2022"]
[White "Marczuk, Dominik"]
[Black "Prohorov, Olexandr"]
[WhiteFideId "1111264"]
[BlackFideId "14105578"]
[WhiteElo "1912"]
[BlackElo "1993"]
[Result "0-1"]
[Round "05"]
[TimeControl "180+1"]
[Date "2022.04.19"]
[WhiteClock "0:00:01"]
[BlackClock "0:00:47"]

1. e4 c6 2. d4 d5 3. f3 e5 4. dxe5 Bc5 5. Bf4 Qb6 6. Ne2 Bf2+ 7. Kd2 Qxb2 8. Nbc3 d4 9. Na4 Qa3 10. c3 Be3+ 11. Ke1 Bxf4 12. Nxf4 b5 13. cxd4 Qxa4 14. Qxa4 bxa4 15. d5 Nd7 16. e6 Ne5 17. exf7+ Kxf7 18. Rc1 Bd7 19. Kf2 Ne7 20. Be2 Rhc8 21. Rhd1 cxd5 22. Rxc8 Rxc8 23. exd5 Nf5 24. g4 Nd6 25. Rd4 Ke7 26. Ng2 g6 27. f4 Nxg4+ 28. Kg3 Nf6 29. Ne3 Rc3 30. Kf2 Nde4+ 31. Ke1 Rxe3 32. Rb4 Bg4 0-1


[Site "https://www.chess.com"]

[Event "Titled Tuesday Blitz April 19 Early 2022"]
[White "Markelova, Lubov"]
[Black "Dwilewicz, Katarzyna"]
[WhiteFideId "24131369"]
[BlackFideId "1148486"]
[WhiteElo "1857"]
[BlackElo "1907"]
[Result "0-1"]
[Round "05"]
[TimeControl "180+1"]
[Date "2022.04.19"]
[WhiteClock "0:00:01"]
[BlackClock "0:00:54"]

1. e4 c5 2. Nf3 d6 3. d4 cxd4 4. Nxd4 Nf6 5. Nc3 a6 6. f3 e5 7. Nb3 Be6 8. Be3 Be7 9. Qd2 O-O 10. O-O-O Nbd7 11. g4 b5 12. g5 b4 13. gxf6 bxc3 14. Qxc3 Nxf6 15. Rg1 Qc8 16. Qxc8 Rfxc8 17. Kb1 d5 18. exd5 Nxd5 19. Bd2 Bf5 20. Rc1 Nb4 21. Bxb4 Bxb4 22. Bd3 Bxd3 23. cxd3 f6 24. d4 exd4 25. Nxd4 Kf7 26. a3 Bf8 27. f4 g6 28. f5 Bh6 29. Rce1 Re8 30. Kc2 Be3 31. Rg4 g5 32. Kd3 h5 33. Rg3 Bf4 34. Rxe8 Rxe8 35. Rf3 Rb8 36. Ne6 Be5 37. Rf2 Rxb2 38. Rxb2 Bxb2 0-1


[Site "https://www.chess.com"]

[Event "Titled Tuesday Blitz April 19 Early 2022"]
[White "Martinez Alcantara, Jose Eduardo"]
[Black "Visakh N R"]
[WhiteFideId "3805662"]
[BlackFideId "25012223"]
[WhiteElo "2690"]
[BlackElo "2448"]
[Result "0-1"]
[Round "05"]
[TimeControl "180+1"]
[Date "2022.04.19"]
[WhiteClock "0:00:02"]
[BlackClock "0:00:26"]

1. e4 c5 2. Nf3 d6 3. Bb5+ Bd7 4. Bxd7+ Qxd7 5. c4 Nf6 6. Nc3 Nc6 7. d4 cxd4 8. Nxd4 e6 9. O-O Be7 10. b3 O-O 11. Bb2 Rfd8 12. Nxc6 Qxc6 13. Qe2 a6 14. Rac1 Rac8 15. Rfe1 Qc7 16. Kh1 Nd7 17. f4 Bf6 18. Qf3 Qb8 19. g4 g6 20. g5 Bg7 21. f5 b5 22. f6 Bf8 23. cxb5 axb5 24. Ne2 Qa8 25. Nd4 Qxa2 26. Qe2 Qa8 27. Nxb5 d5 28. e5 d4+ 29. Qg2 Rxc1 30. Rxc1 Qb8 31. Nxd4 Nxe5 32. Qe4 Rd5 33. h4 h6 34. gxh6 Qd8 35. Rf1 Kh7 36. h5 Bxh6 37. Kg2 Kg8 38. Rh1 Qxf6 39. hxg6 Nxg6 40. Rf1 Rg5+ 0-1


[Site "https://www.chess.com"]

[Event "Titled Tuesday Blitz April 19 Early 2022"]
[White "Meekins, Kristopher C"]
[Black "Goryachkina, Aleksandra"]
[WhiteFideId "2005964"]
[BlackFideId "4147103"]
[WhiteElo "2310"]
[BlackElo "2426"]
[Result "0-1"]
[Round "05"]
[TimeControl "180+1"]
[Date "2022.04.19"]
[WhiteClock "0:00:14"]
[BlackClock "0:00:16"]

1. e4 e6 2. d4 d5 3. Nd2 Be7 4. e5 c5 5. c3 Nc6 6. Ndf3 Bd7 7. Bd3 Qb6 8. Ne2 cxd4 9. cxd4 Nb4 10. Bb1 Bb5 11. O-O Rc8 12. Re1 Bxe2 13. Rxe2 Bd8 14. Be3 Ne7 15. a3 Nbc6 16. Bd3 Ng6 17. Rc1 O-O 18. Rec2 Be7 19. b4 a6 20. g3 Rfd8 21. h4 Na7 22. Rxc8 Rxc8 23. Rxc8+ Nxc8 24. h5 Nf8 25. h6 g6 26. Kg2 Qc7 27. Qb3 Nb6 28. Nd2 Nfd7 29. g4 Nc8 30. Nf3 b5 31. a4 Na7 32. axb5 axb5 33. Bg5 Nb6 34. Bxe7 Qxe7 35. Qc3 Nc4 36. g5 Nc6 37. Qa3 Nxa3 0-1


[Site "https://www.chess.com"]

[Event "Titled Tuesday Blitz April 19 Early 2022"]
[White "Mekhitarian, Krikor Sevag"]
[Black "Martic, Ivan"]
[WhiteFideId "2107660"]
[BlackFideId "929301"]
[WhiteElo "2598"]
[BlackElo "2317"]
[Result "0-1"]
[Round "05"]
[TimeControl "180+1"]
[Date "2022.04.19"]
[WhiteClock "0:00:11"]
[BlackClock "0:00:08"]

1. Nf3 Nf6 2. c4 g6 3. Nc3 Bg7 4. e4 d6 5. d4 O-O 6. h3 e5 7. d5 a5 8. g4 Na6 9. Be3 Bd7 10. Be2 c6 11. Rg1 a4 12. a3 cxd5 13. cxd5 Nc5 14. Nd2 b5 15. g5 Ne8 16. h4 Qa5 17. Kf1 f5 18. gxf6 Bh3+ 19. Ke1 Nxf6 20. Qb1 Kh8 21. Rh1 Bg2 22. Rh2 Bxe4 23. Ncxe4 Ncxe4 24. h5 gxh5 25. Bd3 Nc5 26. Bc2 e4 27. Qd1 Rae8 28. Kf1 Nxd5 29. Bxc5 dxc5 30. Qxh5 Nf6 31. Qxc5 Qxd2 32. Rd1 Qf4 33. Rg2 Ng4 34. Kg1 e3 35. fxe3 Nxe3 36. Qh5 h6 37. Bb1 Nxd1 38. Qg6 Qf1+ 39. Kh2 Be5+ 40. Kh3 Qh1+ 0-1


[Site "https://www.chess.com"]

[Event "Titled Tuesday Blitz April 19 Early 2022"]
[White "Mirzoev, Azer"]
[Black "Akhmedinov, Satbek"]
[WhiteFideId "13400304"]
[BlackFideId "13714287"]
[WhiteElo "2525"]
[BlackElo "1889"]
[Result "1-0"]
[Round "05"]
[TimeControl "180+1"]
[Date "2022.04.19"]
[WhiteClock "0:00:37"]
[BlackClock "0:00:35"]

1. c4 Nf6 2. Nc3 e5 3. Nf3 Nc6 4. d3 Bc5 5. e3 O-O 6. a3 a5 7. Be2 b6 8. O-O Bb7 9. d4 exd4 10. exd4 Bd6 11. Bg5 h6 12. Bh4 g5 13. Bg3 Bxg3 14. hxg3 d5 15. Re1 Ne7 16. Ne5 Kg7 17. Bf3 Re8 18. Rc1 Rc8 19. c5 Ng6 20. Qb3 Ba8 21. Na4 Nxe5 22. dxe5 Ne4 23. cxb6 cxb6 24. Rxc8 Qxc8 25. Nxb6 Qc6 26. Bxe4 dxe4 27. Nxa8 Qxa8 28. Qc3 Kg6 29. Qd4 Rd8 30. Qb6+ Kh5 31. g4+ Kxg4 32. Qxh6 Qd5 33. Rxe4+ Kf5 34. Re1 Qd2 35. Qf6+ Kg4 36. Qf3+ 1-0


[Site "https://www.chess.com"]

[Event "Titled Tuesday Blitz April 19 Early 2022"]
[White "Mohammadian, Mohammad"]
[Black "Jakubowska, Anna"]
[WhiteFideId "12566055"]
[BlackFideId "1121952"]
[WhiteElo "1544"]
[BlackElo "1924"]
[Result "0-1"]
[Round "05"]
[TimeControl "180+1"]
[Date "2022.04.19"]
[WhiteClock "0:01:03"]
[BlackClock "0:01:46"]

1. e4 Nf6 2. e5 Nd5 3. Nf3 d6 4. d4 dxe5 5. dxe5 c6 6. Bc4 Bg4 7. Bxd5 cxd5 8. O-O e6 9. c3 Nc6 10. Be3 Bxf3 11. Qxf3 Nxe5 12. Qe2 Ng6 13. Nd2 Be7 14. Nf3 O-O 15. Rfd1 Qc7 16. Rac1 Rac8 17. b3 Bd6 18. c4 Ba3 19. Rc2 h6 20. Nd4 dxc4 21. Rxc4 Qe5 22. Rxc8 Rxc8 23. Nb5 Bc5 24. Nxa7 Bxa7 25. Bxa7 Qxe2 26. Rf1 Qxa2 27. b4 Qxa7 28. Rd1 Rc2 29. Rd8+ Kh7 30. Rd1 Qxf2+ 31. Kh1 Qxg2# 0-1


[Site "https://www.chess.com"]

[Event "Titled Tuesday Blitz April 19 Early 2022"]
[White "Mokshanov, Alexey"]
[Black "Bach, Ngoc Thuy Duong"]
[WhiteFideId "24121657"]
[BlackFideId "12408956"]
[WhiteElo "2141"]
[BlackElo "1862"]
[Result "1-0"]
[Round "05"]
[TimeControl "180+1"]
[Date "2022.04.19"]
[WhiteClock "0:00:15"]
[BlackClock "0:00:07"]

1. e4 c5 2. Nf3 d6 3. c3 Nf6 4. h3 Nc6 5. Bd3 d5 6. e5 Nd7 7. Qe2 Qc7 8. Bb5 e6 9. O-O a6 10. Bxc6 bxc6 11. d4 cxd4 12. cxd4 c5 13. Bf4 a5 14. Rc1 Ba6 15. Qd2 Be7 16. Nc3 O-O 17. Nxd5 exd5 18. e6 Bd6 19. Bxd6 Qxd6 20. exd7 cxd4 21. Nxd4 Qxd7 22. Qxa5 Bc4 23. Qd2 Rfe8 24. b3 Ba6 25. Re1 g6 26. Rxe8+ Rxe8 27. Re1 Rc8 28. a4 Qc7 29. Qe3 Qc3 30. Qxc3 Rxc3 31. Rd1 Kf8 32. f3 Ke7 33. Kf2 Kd6 34. b4 Bc4 35. a5 Ra3 36. Rd2 Ra1 37. f4 Rb1 38. Nc2 Kc6 39. Ke3 Rb3+ 40. Kd4 Kb5 41. Ke5 Ka4 42. Nd4 Re3+ 43. Kf6 Re4 44. a6 Re8 45. a7 Kxb4 46. Rb2+ Kc5 47. Rb8 1-0


[Site "https://www.chess.com"]

[Event "Titled Tuesday Blitz April 19 Early 2022"]
[White "Muradov, Soltan"]
[Black "Lehtosaari, Mauri"]
[WhiteFideId "14002108"]
[BlackFideId "501999"]
[WhiteElo "1854"]
[BlackElo "2539"]
[Result "0-1"]
[Round "05"]
[TimeControl "180+1"]
[Date "2022.04.19"]
[WhiteClock "0:00:18"]
[BlackClock "0:00:11"]

1. d4 d5 2. c4 c6 3. cxd5 cxd5 4. Nf3 Nf6 5. Nc3 Nc6 6. Bf4 a6 7. e3 Bg4 8. Be2 e6 9. O-O Bd6 10. Bg3 O-O 11. Nd2 Bxe2 12. Qxe2 b5 13. a4 b4 14. Na2 Na5 15. Nc1 Bxg3 16. hxg3 Ne4 17. Nxe4 dxe4 18. Qc2 Qd5 19. Ne2 Rfc8 20. Qd1 Qb3 21. g4 Rc2 22. Ng3 Qxb2 23. Rb1 Qa2 24. Rxb4 Rac8 25. Nxe4 h6 26. Nc5 Nc6 27. Rb7 a5 28. Qf3 e5 29. Qxf7+ Qxf7 30. Rxf7 Kxf7 0-1


[Site "https://www.chess.com"]

[Event "Titled Tuesday Blitz April 19 Early 2022"]
[White "Murthy, Pappu"]
[Black "parintele_chess"]
[WhiteFideId "2013401"]
[WhiteElo "1920"]
[BlackElo "2243"]
[Result "1-0"]
[Round "05"]
[TimeControl "180+1"]
[Date "2022.04.19"]
[WhiteClock "0:00:03"]
[BlackClock "0:00:02"]

1. c4 c5 2. Nc3 Nc6 3. g3 g6 4. Bg2 Bg7 5. e4 e6 6. Nge2 Nge7 7. O-O d6 8. d3 h6 9. Be3 O-O 10. Qd2 Kh7 11. Rab1 f5 12. b3 Nd4 13. a3 a5 14. b4 axb4 15. axb4 Nxe2+ 16. Nxe2 cxb4 17. Rxb4 Nc6 18. Rb5 fxe4 19. Bxe4 d5 20. cxd5 exd5 21. Rxd5 Qf6 22. Rh5 Bg4 23. Rh4 Bxe2 24. Bxh6 Qxh4 25. gxh4 Bxf1 26. Bxg7 Kxg7 27. Qc3+ Rf6 28. Kxf1 Rf8 29. f3 Kh6 30. Qb2 R8f7 31. Bd5 Rf8 32. Be4 R6f7 33. Qb5 Nd4 34. Qg5+ Kh7 35. Qxg6+ Kh8 36. Qh6+ Kg8 37. Qg5+ Rg7 38. Qd5+ Kh8 39. Qxd4 Rg8 40. h5 Rf8 41. Kf2 b5 42. Bg6 b4 43. h6 Rxf3+ 44. Kxf3 b3 45. Qxg7# 1-0


[Site "https://www.chess.com"]

[Event "Titled Tuesday Blitz April 19 Early 2022"]
[White "Nazari, Arad"]
[Black "Dubov, Daniil"]
[WhiteFideId "12577324"]
[BlackFideId "24126055"]
[WhiteElo "2129"]
[BlackElo "2791"]
[Result "0-1"]
[Round "05"]
[TimeControl "180+1"]
[Date "2022.04.19"]
[WhiteClock "0:00:02"]
[BlackClock "0:00:16"]

1. e4 c5 2. Nf3 e6 3. d4 cxd4 4. Nxd4 a6 5. Nc3 b5 6. Bd3 Bb7 7. O-O Nc6 8. Nxc6 Bxc6 9. e5 Qb8 10. Qe2 Ne7 11. f4 Nf5 12. Be4 b4 13. Bxc6 Qb6+ 14. Kh1 Qxc6 15. Ne4 Be7 16. c3 bxc3 17. Nxc3 O-O 18. Qe4 Rfc8 19. Qxc6 Rxc6 20. g4 Nd4 21. Rf2 d5 22. exd6 Bxd6 23. Be3 Nb5 24. Nxb5 axb5 25. b3 b4 26. Rd1 h6 27. Kg2 Rca6 28. Rdd2 Be7 29. h3 Bf6 30. Bd4 Bxd4 31. Rxd4 Rxa2 32. Rxb4 Ra1 33. f5 exf5 34. Rxf5 Rb1 35. Rf3 f6 36. Rb7 Ra2+ 37. Rf2 Raa1 38. b4 Rg1+ 39. Kh2 Rh1+ 40. Kg3 Rag1+ 41. Rg2 Rb1 42. Kh4 Rb3 43. Kh5 Kh7 44. g5 hxg5 45. Kg4 Kg6 46. Rb6 Rhxh3 0-1


[Site "https://www.chess.com"]

[Event "Titled Tuesday Blitz April 19 Early 2022"]
[White "Ning, Kaiyu"]
[Black "Papp, Petra"]
[WhiteFideId "8614750"]
[BlackFideId "739049"]
[WhiteElo "2013"]
[BlackElo "2259"]
[Result "1-0"]
[Round "05"]
[TimeControl "180+1"]
[Date "2022.04.19"]
[WhiteClock "0:01:23"]
[BlackClock "0:00:53"]

1. d4 Nf6 2. c4 g6 3. Nc3 d5 4. cxd5 Nxd5 5. e4 Nxc3 6. bxc3 Bg7 7. Nf3 c5 8. Be3 Qa5 9. Qd2 O-O 10. h4 h5 11. Bd3 Rd8 12. Rc1 Nd7 13. d5 Nf6 14. c4 Qxd2+ 15. Nxd2 b6 16. f3 e5 17. Rb1 Ne8 18. a4 Bd7 19. a5 Rab8 20. Ke2 Nd6 21. Rb2 f5 22. Rhb1 Bf6 23. axb6 axb6 24. Rxb6 Rxb6 25. Rxb6 Ba4 26. Bxc5 Ne8 27. Rxf6 Nxf6 28. Be7 fxe4 29. fxe4 1-0


[Site "https://www.chess.com"]

[Event "Titled Tuesday Blitz April 19 Early 2022"]
[White "Niyazgulova, Marina"]
[Black "Cagara, Paulina"]
[WhiteFideId "24142573"]
[BlackFideId "1124870"]
[WhiteElo "2046"]
[BlackElo "1780"]
[Result "1-0"]
[Round "05"]
[TimeControl "180+1"]
[Date "2022.04.19"]
[WhiteClock "0:00:16"]
[BlackClock "0:00:28"]

1. d4 f5 2. c4 Nf6 3. Nc3 g6 4. g3 Bg7 5. Bg2 O-O 6. Nf3 d6 7. O-O Qe8 8. d5 a5 9. Bf4 Nh5 10. Qd2 Nxf4 11. gxf4 Na6 12. Nd4 Nc5 13. Rae1 e5 14. dxe6 Nxe6 15. Nxe6 Bxe6 16. Bxb7 Bxc4 17. Bxa8 Qxa8 18. b3 Bf7 19. Rd1 Re8 20. e3 Bf6 21. Nd5 Bd8 22. Qd4 Re6 23. Rd2 g5 24. fxg5 Re4 25. Qd3 Rg4+ 26. Kh1 Bxg5 27. Qxf5 h5 28. f3 Bxe3 29. Nxe3 Bg6 30. Qd5+ Qxd5 31. Rxd5 Rf4 32. Rxa5 c5 33. Nd5 Rf7 34. Rg1 Kh7 35. Rf1 Be4 36. Ne3 Bxf3+ 37. Kg1 Rg7+ 38. Kf2 Be4 39. Rg1 Rf7+ 40. Ke1 d5 41. Rxc5 d4 42. Rxh5# 1-0


[Site "https://www.chess.com"]

[Event "Titled Tuesday Blitz April 19 Early 2022"]
[White "Nogerbek, Kazybek"]
[Black "Ratnakaran, K."]
[WhiteFideId "13710427"]
[BlackFideId "5005507"]
[WhiteElo "2466"]
[BlackElo "2407"]
[Result "1-0"]
[Round "05"]
[TimeControl "180+1"]
[Date "2022.04.19"]
[WhiteClock "0:02:35"]
[BlackClock "0:01:52"]

1. e4 e6 2. Nc3 d5 3. Nf3 Nf6 4. e5 Nfd7 5. Ne2 f6 6. d4 fxe5 7. dxe5 c5 8. Nf4 Qb6 9. c4 d4 10. Bd3 Nc6 11. Qe2 Nd8 12. h4 Be7 13. Ng5 g6 14. Nxg6 hxg6 15. Bxg6+ Kf8 16. Nh7+ Kg7 17. Qh5 Qc7 18. Bh6+ Kg8 19. Bf7+ 1-0


[Site "https://www.chess.com"]

[Event "Titled Tuesday Blitz April 19 Early 2022"]
[White "Ocelak, Jakub"]
[Black "Ambartsumova, Karina"]
[WhiteFideId "23707933"]
[BlackFideId "4166299"]
[WhiteElo "2048"]
[BlackElo "2262"]
[Result "1-0"]
[Round "05"]
[TimeControl "180+1"]
[Date "2022.04.19"]
[WhiteClock "0:00:38"]
[BlackClock "0:00:02"]

1. e4 e5 2. Nf3 Nc6 3. Bb5 a6 4. Ba4 Nf6 5. O-O Be7 6. Re1 b5 7. Bb3 O-O 8. a4 d5 9. axb5 dxe4 10. bxc6 exf3 11. Qxf3 e4 12. Qg3 Bd6 13. Qc3 Ng4 14. h3 Qh4 15. Re2 Bh2+ 16. Kf1 Be5 17. Qc4 Nh2+ 18. Ke1 Bf5 19. Ra5 Rae8 20. Nc3 Nf3+ 21. gxf3 Qxh3 22. Kd1 Qh1+ 23. Re1 Qxf3+ 24. Qe2 Bxc3 25. Qxf3 exf3 26. dxc3 Rd8+ 27. Bd2 Bg6 28. Kc1 h5 29. Rd5 h4 30. Rxd8 Rxd8 31. Bg5 Ra8 32. Bxh4 a5 33. Ba4 Rb8 34. Bg3 Rc8 35. Re7 Kf8 36. Rxc7 1-0


[Site "https://www.chess.com"]

[Event "Titled Tuesday Blitz April 19 Early 2022"]
[White "Oganian, Miran"]
[Black "Weetik, Vjacheslav"]
[WhiteFideId "4122488"]
[BlackFideId "4153472"]
[WhiteElo "2357"]
[BlackElo "2469"]
[Result "1-0"]
[Round "05"]
[TimeControl "180+1"]
[Date "2022.04.19"]
[WhiteClock "0:01:31"]
[BlackClock "0:00:01"]

1. d4 Nf6 2. Nc3 d5 3. Bf4 c5 4. e3 cxd4 5. exd4 a6 6. Bd3 Nc6 7. Nge2 Bg4 8. Qd2 e6 9. Ng3 Nh5 10. f3 Nxg3 11. hxg3 Bf5 12. Bxf5 exf5 13. O-O-O Be7 14. Rde1 O-O 15. g4 fxg4 16. fxg4 h6 17. Rh5 Re8 18. Nxd5 Bf8 19. Rxe8 Qxe8 20. Nc7 Qc8 21. Nxa8 Qxa8 22. g5 hxg5 23. Bxg5 Qe8 24. Rh1 Qe4 25. c3 Qg4 26. Qf4 Qxg2 27. Qh4 f6 28. Bxf6 1-0


[Site "https://www.chess.com"]

[Event "Titled Tuesday Blitz April 19 Early 2022"]
[White "Okike, David"]
[Black "Ljukin, Sergei"]
[WhiteFideId "8500134"]
[BlackFideId "14102200"]
[WhiteElo "2232"]
[BlackElo "2312"]
[Result "0-1"]
[Round "05"]
[TimeControl "180+1"]
[Date "2022.04.19"]
[WhiteClock "0:01:37"]
[BlackClock "0:00:19"]

1. e4 e6 2. d4 d5 3. Nc3 Bb4 4. e5 Ne7 5. a3 Bxc3+ 6. bxc3 c5 7. Qg4 Qc7 8. Qxg7 Rg8 9. Qxh7 cxd4 10. Ne2 Nbc6 11. f4 Bd7 12. Rb1 dxc3 13. Qd3 d4 14. h3 Nf5 15. g4 Nh4 16. Ng3 O-O-O 17. Kf2 Na5 18. Ne4 Bc6 19. Rg1 Kb8 20. Rg3 Bd5 21. Rb4 Nc6 22. Rb1 b6 23. Nf6 Rh8 24. Nxd5 Rxd5 25. Rb5 Qd7 26. Rxd5 Qxd5 27. Bg2 Nxg2 28. Rxg2 Na5 29. Kg3 Nb7 30. Rh2 Nc5 31. Qf3 Qc4 32. h4 d3 33. cxd3 Nxd3 34. Be3 c2 35. h5 c1=Q 36. Bxc1 Nxc1 37. g5 Nb3 38. h6 Nd4 39. Qe4 Nf5+ 40. Kg4 Qxe4 0-1


[Site "https://www.chess.com"]